 Dungeon Crawl Stone Soup version 0.29-a0-577-gafbf2c5d25 (webtiles) character file.

Game seed: 9133836728184352702

1797 deepdelver the Cleaver (level 9, -15/78 HPs)
             Began as a Hill Orc Fighter on June 13, 2022.
             Was a Follower of Beogh.
             Demolished by a two-headed ogre
             ... wielding a +0 giant club
              (18 damage)
             ... on level 7 of the Dungeon.
             The game lasted 00:38:38 (8220 turns).

deepdelver the Cleaver (Hill Orc Fighter)           Turns: 8220, Time: 00:38:38

Health: -15/78     AC: 13    Str: 21 (23) XL:     9   Next: 9%
Magic:  0/10       EV: 10    Int:  5 (8)  God:    Beogh [*.....]
Gold:   267        SH:  7    Dex:  7 (10) Spells: 10/10 levels left

rFire   . . .      SeeInvis .   a - +0 war axe (flame)
rCold   . . .      Faith    .   c - +3 buckler
rNeg    + . .      Spirit   +   A - +4 ring mail of the Stone Wall {rN+}
rPois   .          Reflect  .   t - +0 helmet
rElec   .          Harm     .   (no cloak)
rCorr   .          Rampage  .   (no gloves)
Will    .....                   n - +0 pair of boots
Stlth   ..........              p - amulet of guardian spirit
HPRegen 0.23/turn               i - ring of flight
MPRegen 0.12/turn               (no ring)

@: flying
A: no striking features
a: Renounce Religion


You were on level 7 of the Dungeon.
You worshipped Beogh.
Beogh was aware of your devotion.
You visited 2 branches of the dungeon, and saw 8 of its levels.

You collected 311 gold pieces.
You spent 44 gold pieces at shops.

Inventory:

Hand Weapons
 a - a +0 war axe of flaming (weapon)
Missiles
 m - 8 poisoned darts (quivered)
 q - 5 atropa-tipped darts
 z - 7 javelins
Armour
 c - a +3 buckler (worn)
 n - a +0 pair of boots (worn)
 t - a +0 helmet (worn)
 A - the +4 ring mail of the Stone Wall (worn) {rN+}
   (You found it on level 6 of the Dungeon)

   rN:        It protects you from negative energy.
Jewellery
 i - a ring of flight (left hand)
 p - an amulet of guardian spirit (around neck)
Wands
 f - a wand of digging (4)
 o - a wand of mindburst (10)
Scrolls
 b - 2 scrolls of noise
 d - a scroll of identify
 h - a scroll of immolation
 k - 3 scrolls of teleportation
 r - a scroll of fear {unknown}
 u - a scroll of torment {unknown}
 x - 3 scrolls of silence
Potions
 e - a potion of flight {unknown}
 g - a potion of brilliance
 j - 2 potions of curing
 l - a potion of attraction {unknown}
 s - a potion of degeneration


   Skills:
 + Level 6.7 Fighting
 + Level 0.6 Short Blades
 + Level 10.0 Axes
 + Level 1.0 Throwing
 + Level 7.2 Armour
 + Level 0.7 Dodging
 + Level 0.5 Stealth
 + Level 4.5 Shields
 * Level 1.1 Spellcasting


You had 10 spell levels left.
You didn't know any spells.
Your spell library contained the following spells:

 Spells                   Type           Power      Damage    Failure   Level
 Ensorcelled Hibernation  Hex/Ice        0%         N/A       82%         2
 Passwall                 Tmut/Erth      0%         N/A       82%         2
 Gell's Gravitas          Tloc           0%         N/A       96%         3
 Lesser Beckoning         Tloc           0%         N/A       96%         3
 Swiftness                Air            0%         N/A       96%         3
 Teleport Other           Tloc           0%         N/A       96%         3
 Petrify                  Tmut/Erth      0%         N/A       100%        4
 Metabolic Englaciation   Hex/Ice        0%         N/A       100%        5
 Summon Forest            Summ/Tloc      0%         N/A       100%        5
 Eringya's Noxious Bog    Tmut/Pois      0%         N/A       100%        6
 Statue Form              Tmut/Erth      0%         N/A       100%        6
 Summon Hydra             Summ           0%         N/A       100%        7
 Chain Lightning          Conj/Air       0%         N/A       100%        9
 Fire Storm               Conj/Fire      0%         5d1       100%        9
 Shatter                  Erth           0%         3d5*      100%        9


Dungeon Overview and Level Annotations

Branches:
Dungeon (7/15)             Temple (1/1) D:6

Altars:
Cheibriados
Dithmenos
Elyvilon
Fedhas
Gozag
Hepliaklqana
Kikubaaqudgha
Makhleb
Nemelex Xobeh
Okawaru
Qazlal
Ru
Sif Muna
Trog
Uskayaw
Vehumet
Wu Jian
Xom
Yredelemnul
Zin
The Shining One

Shops:
D:3 *(


Message History

You closely miss the ice beast.
The ice beast is severely wounded.
You hit the two-headed ogre. You burn the two-headed ogre.
The ice beast hits you but does no damage.
You closely miss the ice beast.
The ice beast is heavily wounded.
You completely miss the two-headed ogre.
The two-headed ogre looks more healthy.
The two-headed ogre hits you with a +0 giant club!
The two-headed ogre closely misses you. The ice beast closely misses you.
You hit the ice beast but do no damage.
The ice beast is heavily wounded.
You hit the two-headed ogre but do no damage.
The two-headed ogre hits you with a +0 giant club!
The two-headed ogre hits you with a +0 giant club.
You block the ice beast's attack.
You slash the ice beast!
You melt the ice beast.
The ice beast is almost dead.
You slash the two-headed ogre! You burn the two-headed ogre.
You block the ice beast's attack.
You closely miss the ice beast.
The ice beast is almost dead.
You hit the phantom. You burn the phantom. You slash the two-headed ogre!
You burn the two-headed ogre.
The two-headed ogre hits you with a +0 giant club!!
* * * LOW HITPOINT WARNING * * *
The two-headed ogre barely misses you. You block the phantom's attack.
The ice beast hits you.
* * * LOW HITPOINT WARNING * * *
The ice beast freezes you!
* * * LOW HITPOINT WARNING * * *
You hit the ice beast but do no damage.
The ice beast is almost dead.
You miss the phantom.
You hit the two-headed ogre but do no damage.
You block the phantom's attack.
The two-headed ogre hits you with a +0 giant club!
* * * LOW HITPOINT WARNING * * *
The two-headed ogre hits you with a +0 giant club!!
You die...

## .# .###### #
.#..... #.
......#
.#.#..##......#
..(...Y@.....(.
......WO###..##
..###....
.......
.........
...)........
..........(..
.<...#....(...


You could see a two-headed ogre, an ice beast and a phantom.

Vanquished Creatures
  Menkaure (D:5)
  Duvessa (D:5)
  2 ice beasts
  A sky beast (D:6)
  A black bear (D:6)
  An ogre (D:4)
  A kobold brigand (D:3)
  A gnoll sergeant (D:6)
  A necrophage (D:5)
  3 scorpions
  Dowan (D:5)
  2 howler monkeys
  2 hounds
  3 orc priests
  A jelly (D:6)
  4 iguanas
  4 orc wizards
  8 gnolls
  8 adders
  2 worms
  A dart slug (D:5)
  18 orcs
  A bat (D:2)
  11 endoplasms
  2 giant cockroaches
  3 goblins
  7 hobgoblins
  6 jackals (D:1)
  10 kobolds
  A quokka (D:2)
  A ball python (D:4)
  3 frilled lizards
  4 rats
116 creatures vanquished.

Vanquished Creatures (others)
  An orc priest (D:4)
1 creature vanquished.

Grand Total: 117 creatures vanquished

Notes
Turn   | Place    | Note
-------+----------+-------------------------------------------
     0 | D:1      | deepdelver the Hill Orc Fighter began the quest for the
                  | Orb.
     0 | D:1      | Reached XP level 1. HP: 19/19 MP: 1/1
   234 | D:1      | Found a faded altar of an unknown god.
   237 | D:1      | Reached XP level 2. HP: 26/27 MP: 2/2
   503 | D:1      | Reached skill level 3 in Axes
  1365 | D:2      | Reached XP level 3. HP: 31/34 MP: 3/3
  1426 | D:2      | Found a glowing silver altar of Zin.
  2117 | D:3      | Reached XP level 4. HP: 20/41 MP: 4/4
  2121 | D:3      | Reached skill level 4 in Axes
  2407 | D:3      | Found Diloiny's Weapon Emporium.
  2722 | D:3      | Reached XP level 5. HP: 36/47 MP: 5/5
  2983 | D:3      | Found Omnaezey's General Store.
  2991 | D:3      | Bought a scroll of identify for 22 gold pieces
  2991 | D:3      | Bought a scroll of identify for 22 gold pieces
  3138 | D:3      | Noticed a kobold brigand
  3155 | D:3      | Killed a kobold brigand
  3156 | D:3      | Reached skill level 5 in Axes
  3570 | D:4      | Noticed an ogre
  3610 | D:4      | HP: 2/41 [ogre/+0 giant club (29)]
  3615 | D:4      | Killed an ogre
  3616 | D:4      | Reached skill level 5 in Fighting
  3616 | D:4      | Reached XP level 6. HP: 5/56 MP: 6/6
  4083 | D:4      | Became a worshipper of Beogh the Brigand
  4110 | D:4      | Identified the +1 leather armour of Card Tricks {Regen+}
  4211 | D:4      | Reached skill level 6 in Axes
  4500 | D:4      | Reached skill level 5 in Armour
  4522 | D:4      | Reached XP level 7. HP: 61/61 MP: 7/7
  4732 | D:5      | Entered Level 5 of the Dungeon
  4871 | D:5      | Noticed Duvessa
  4871 | D:5      | Noticed Dowan
  4934 | D:5      | Killed Duvessa
  4981 | D:5      | Reached skill level 7 in Axes
  4987 | D:5      | Noticed Menkaure
  5019 | D:5      | Killed Menkaure
  5236 | D:5      | Killed Dowan
  5237 | D:5      | Reached skill level 8 in Axes
  5237 | D:5      | Reached XP level 8. HP: 69/70 MP: 8/8
  5746 | D:6      | Found a staircase to the Ecumenical Temple.
  5765 | D:6      | Reached * piety under Beogh
  5805 | D:6      | Reached skill level 9 in Axes
  5805 | D:6      | Reached skill level 1 in Throwing
  6046 | Temple   | Entered the Ecumenical Temple
  7168 | D:6      | Reached skill level 1 in Spellcasting
  7168 | D:6      | Reached XP level 9. HP: 63/75 MP: 10/10
  7256 | D:6      | HP: 3/78 [gnoll/+0 halberd[a gnoll sergeant] (5)]
  7935 | D:6      | Reached skill level 10 in Axes
  7951 | D:6      | Identified the +4 ring mail of the Stone Wall {rN+}
  8207 | D:7      | Noticed a two-headed ogre
  8220 | D:7      | HP: 3/78 [two-headed ogre/+0 giant club (8)]
  8220 | D:7      | Demolished by a two-headed ogre

Illustrated notes

Levels and vault maps discovered:
D:1:      evilmike_arrival_hilbert_curve, layout_basic,
          hellmonk_ecumenical_altar_dog_temple
D:2:      layout_loops_ring, basic_altar
D:3:      cheibrodos_thug_alley, layout_loops_ring, serial_shops,
          shop_fountains, shop
D:4:      kennysheep_big_flooded_room, layout_cave_pods
D:5:      layout_loops_ring, uniq_menkaure, uniq_duvessa
D:6:      layout_rooms, minmay_temple_entry_antechambers
D:7:      layout_basic, gammafunk_ghost_berserking_beasts
Temple:   mainiacjoe_temple_starburst

Skill      XL: |  1  2  3  4  5  6  7  8  9 |
---------------+----------------------------+-----
Fighting       | 4 5 6 |  6.7
Axes           | 3 4 5 6 8 9 10 | 10.0
Armour         | 4 5 7 |  7.2
Shields        | 4 |  4.5
Throwing       | 1 |  1.0
Spellcasting   | 1 |  1.1
Short Blades   | |  0.6
Dodging        | |  0.7
Stealth        | |  0.5

Action                   |  1- 3 |  4- 6 |  7- 9 || total
-------------------------+-------+-------+-------++-------
Melee: War axe           |    83 |   100 |   218 ||   401
       Dagger            |       |    24 |       ||    24
Throw: Dart              |       |     4 |    18 ||    22
Invok: Convert to Beogh  |       |     1 |       ||     1
  Use: Potion            |     1 |     4 |    11 ||    16
       Scroll            |       |     7 |    11 ||    18
Armor: Scale mail        |    43 |       |       ||    43
       Plate armour      |    11 |    59 |   149 ||   219
       Skin              |       |       |     6 ||     6
       Ring mail         |       |       |     3 ||     3
Dodge: Dodged            |    45 |    31 |    72 ||   148
Block: Buckler           |    20 |    20 |    56 ||    96

Table legend: (Time is in decaauts)
 A = Elapsed time spent in this place.
 B = Non-inter-level travel time spent in this place.
 C = Inter-level travel time spent in this place.
 D = Time resting spent in this place.
 E = Time spent auto-exploring this place.
 F = Levels seen in this place.
 G = Mean time per level.
                   A        B        C        D        E       F      G
               +--------+--------+--------+--------+--------+-----+--------+
         Total |   8291 |   6929 |   1362 |   1877 |   3918 |   8 | 1036.4 |
       Dungeon |   7545 |   6514 |   1031 |   1877 |   3515 |   7 | 1077.9 |
        Temple |    745 |    414 |    331 |      0 |    403 |   1 |  745.0 |
               +--------+--------+--------+--------+--------+-----+--------+

Top non-repeatable levels by time:
     D:6: 1731 daAuts
     D:4: 1378 daAuts
     D:3: 1344 daAuts
     D:1: 1230 daAuts
     D:5: 1005 daAuts
     D:2: 842 daAuts
  Temple: 745 daAuts
     D:7: 13 daAuts
